AoeStats
← MilanesaDe_Pollo

Arena

507830433Analyzed
3v3 RM · 12d ago on Sep 19, 2026· 59m 50s· 6 players
Game mode
Random Map
Map size
Normal (6 player)
Population
200
Speed
Normal
Resources
Standard
Victory
Conquest
Starting age
Dark Age
Ending age
Imperial Age
RankedLock teamsTeams togetherTeam positionsShared explorationLock speedFull tech treeHidden civsTurbo modeCheats
Victory
Defeat
🇦🇷 Spanish · Argentina
917
+14
🇦🇷 Vietnamese · Argentina
916
+14
🇦🇷 Italians · Argentina
913
+14
🇨🇱 Georgians · Chile
894
-15
🇺🇸 Lithuanians · United States
862
-14
🇫🇷 Gurjaras · France
850
-13
oxrollin
1:25 Loom
11:03 Feudal Age
11:41 Double-Bit Axe
12:59 Horse Collar
14:07 Wheelbarrow
20:13 Castle Age
21:30 Bow Saw
21:24 Heavy Plow
23:00 Hand Cart
25:18 Scale Barding Armor
25:37 Gold Mining
27:51 Chain Barding Armor
33:08 Imperial Age
30:46 Padded Archer Armor
30:37 Fletching
31:07 Pikeman
31:59 Husbandry
32:10 Bloodlines
33:32 Cavalier
33:47 Halberdier
34:27 Squires
34:13 Arson
35:14 Plate Barding Armor
34:49 Forging
34:36 Bodkin Arrow
34:58 Leather Archer Armor
34:36 Stone Mining
35:11 Conscription
36:17 Chemistry
35:38 Ballistics
35:36 Tower Shields
38:13 Two-Man Saw
37:52 Crop Rotation
37:16 Paladin
39:08 Ring Archer Armor
40:22 Thumb Ring
40:33 Elite Skirmisher
41:35 Bracer
SSC LyonM
10:15 Feudal Age
18:50 Castle Age
17:38 Scale Barding Armor
18:09 Town Watch
18:11 Loom
19:01 Wheelbarrow
20:13 Husbandry
24:15 Chain Barding Armor
24:06 Forging
26:06 Bloodlines
37:30 Imperial Age
35:18 Hand Cart
35:03 Town Patrol
34:59 Elite Skirmisher
36:59 Coinage
36:08 Man-at-Arms
37:13 Town Patrol
40:25 Crossbowman
41:25 Guilds
41:45 Banking
41:16 Caravan
40:49 Cavalier
42:24 Capped Ram
43:54 Iron Casting
43:54 Plate Barding Armor
47:11 Blast Furnace
46:11 Onager
49:20 Fletching
50:54 Aznauri Cavalry
51:10 Conscription
51:50 Siege Onager
WyZeR
0:26 Loom
0:26 Loom
10:54 Feudal Age
18:15 Castle Age
16:09 Horse Collar
16:25 Double-Bit Axe
16:59 Stone Mining
17:34 Gold Mining
18:56 Wheelbarrow
19:30 Bow Saw
19:34 Heavy Plow
25:21 Hand Cart
26:48 Town Watch
31:03 Imperial Age
29:29 Forging
29:20 Scale Mail Armor
29:26 Scale Barding Armor
29:35 Bloodlines
29:26 Husbandry
31:02 Town Patrol
31:43 Iron Casting
31:24 Chain Mail Armor
31:56 Caravan
32:40 Chain Barding Armor
32:30 Kshatriyas
32:53 Conscription
31:56 Heavy Camel Rider
33:06 Fletching
34:05 Crop Rotation
34:14 Gold Shaft Mining
34:32 Frontier Guards
35:42 Plate Mail Armor
37:49 Plate Barding Armor
49:48 Light Cavalry
50:27 Hussar
santiagosservin
13:41 Feudal Age
17:44 Castle Age
15:34 Double-Bit Axe
15:30 Horse Collar
18:55 Bow Saw
20:06 Loom
21:03 Heavy Plow
23:31 Wheelbarrow
22:41 Town Watch
23:52 Gold Mining
23:52 Stone Mining
27:13 Hand Cart
32:14 Imperial Age
31:14 Stone Shaft Mining
30:32 Fletching
30:45 Padded Archer Armor
32:44 Bodkin Arrow
33:05 Leather Archer Armor
33:40 Bracer
35:46 Ring Archer Armor
35:27 Forging
37:06 Elite Genoese Crossbowman
37:33 Light Cavalry
38:23 Bloodlines
38:14 Husbandry
40:35 Conscription
40:50 Hoardings
41:37 Chemistry
40:57 Ballistics
40:25 Arrowslits
40:21 Treadmill Crane
40:52 Masonry
40:52 Fortified Wall
40:39 Murder Holes
41:27 Hussar
42:45 Iron Casting
42:15 Scale Barding Armor
42:45 Caravan
42:55 Hussar
44:56 Blast Furnace
45:32 Crop Rotation
46:03 Two-Man Saw
56:21 Architecture
MilanesaDe_Pollo
3:46 Loom
11:31 Feudal Age
15:38 Castle Age
14:01 Double-Bit Axe
14:00 Horse Collar
16:42 Wheelbarrow
17:16 Loom
25:10 Heavy Plow
29:38 Imperial Age
27:58 Town Watch
28:11 Pikeman
28:51 Squires
29:27 Hand Cart
29:59 Town Patrol
31:02 Bow Saw
30:50 Capped Ram
31:36 Inquisition
31:35 Stone Mining
31:35 Gold Mining
32:48 Two-Man Saw
32:45 Ballistics
32:25 Fletching
32:42 Scale Barding Armor
32:52 Forging
33:12 Bodkin Arrow
34:18 Halberdier
35:47 Iron Casting
35:13 Scale Mail Armor
35:36 Chain Barding Armor
35:30 Bloodlines
35:21 Husbandry
36:01 Fortified Wall
36:13 Bracer
37:27 Stone Shaft Mining
38:02 Conscription
38:49 Blast Furnace
40:34 Elite Conquistador
45:26 Siege Ram
50:23 Light Cavalry
51:20 Chain Mail Armor
51:06 Padded Archer Armor
51:41 Plate Barding Armor
52:40 Hussar
dott1
11:19 Feudal Age
12:53 Loom
15:28 Castle Age
13:46 Double-Bit Axe
14:20 Horse Collar
22:36 Wheelbarrow
22:21 Town Watch
24:36 Heavy Plow
24:49 Bow Saw
26:08 Pikeman
29:51 Imperial Age
27:30 Scale Mail Armor
27:24 Fletching
28:06 Ballistics
27:45 Stone Mining
27:45 Gold Mining
28:27 Forging
30:07 Chain Mail Armor
30:32 Iron Casting
29:59 Padded Archer Armor
30:12 Scale Barding Armor
30:18 Squires
30:14 Halberdier
32:00 Plate Mail Armor
32:31 Town Patrol
34:55 Chemistry
34:21 Elite Skirmisher
35:34 Bodkin Arrow
35:54 Leather Archer Armor
36:02 Imperial Skirmisher
36:55 Bracer
37:06 Siege Engineers
39:16 Two-Man Saw
39:12 Crossbowman
40:00 Thumb Ring
40:44 Ring Archer Armor
40:56 Hand Cart
43:16 Stone Shaft Mining
43:57 Caravan
46:34 Arbalester
53:52 Chain Barding Armor
54:33 Elite Rattan Archer
58:23 Plate Barding Armor
Connection lost

Rejoining the realm…

Still unreachable

The connection could not be restored.

Session expired

The server has moved on; the page needs a fresh start.